 Dungeon Crawl Stone Soup version 0.24.0-1-gfbc8707 (webtiles) character file.

Game seed: 12329905998003305192, levelgen mode: deterministic

110 Fang the Skirmisher (level 4, -2/29 HPs)
             Began as a Gargoyle Berserker on Oct 31, 2019.
             Was a Believer of Trog.
             Killed from afar by Sigmund (3 damage)
             ... with a puff of flame
             ... on level 3 of the Dungeon.
             The game lasted 00:02:24 (2142 turns).

Fang the Skirmisher (Gargoyle Berserker)            Turns: 2142, Time: 00:02:25

Health: -2/29      AC: 15    Str: 22    XL:     4   Next: 91%
Magic:  4/4        EV:  8    Int:  7    God:    Trog [**....]
Gold:   199        SH:  0    Dex:  9    Spells: 3/3 levels left

rFire    . . .     SeeInvis .   a - +0 broad axe
rCold    . . .     Gourm    .   (no shield)
rNeg     + . .     Faith    .   b - +3 chain mail
rPois    ∞         Spirit   .   (no helmet)
rElec    +         Reflect  .   (no cloak)
rCorr    .         Harm     .   (no gloves)
MR       .....     Rnd*Tele +   (no boots)
Stlth    ..........             (no amulet)
HPRegen  0.09/turn              g - ring of teleportation (curse)
MPRegen  0.09/turn              (no ring)

@: berserk cooldown, slowed, very slow
A: negative energy resistance 1, electricity resistance, unbreathing,
petrification resistance, rot immunity, AC +3
a: Berserk, Trog's Hand, Renounce Religion


You were on level 3 of the Dungeon.
You worshipped Trog.
Trog was pleased with you.
You were near starving.

You visited 1 branch of the dungeon, and saw 3 of its levels.

You collected 199 gold pieces.

Inventory:

Hand Weapons
 a - a +0 broad axe (weapon)
Armour
 b - a +3 chain mail (worn)
Jewellery
 g - a cursed ring of teleportation (left hand)
Scrolls
 d - 2 scrolls of amnesia {unknown}
 e - 3 scrolls of remove curse {unknown}
 h - 4 scrolls of identify {unknown}
 m - a scroll of blinking {unknown}
 p - 2 scrolls of fear {unknown}
 q - a scroll of immolation {unknown}
Potions
 f - a potion of might {unknown}
 i - a potion of mutation {unknown}
 j - 2 potions of flight {unknown}
 k - a potion of lignification {unknown}
 l - a potion of degeneration {unknown}
 n - 3 potions of heal wounds {unknown}
 o - a potion of haste {unknown}
 s - a potion of brilliance {unknown}
Comestibles
 c - 8 rations


   Skills:
 * Level 4.2 Fighting
 * Level 3.5 Axes
 + Level 3.0 Armour
 + Level 2.2 Dodging


You had 3 spell levels left.
You didn't know any spells.
Your spell library was empty.

Dungeon Overview and Level Annotations

Branches:
Dungeon (3/15)

Altars:
Ashenzari
Cheibriados
Trog
Wu Jian
Zin
The Shining One

Annotations:
D:3 Sigmund


Innate Abilities, Weirdness & Mutations

You are resistant to torment.
Your stone body is resilient. (AC +3)
You are immune to poison.
You resist negative energy. (rN+)
You are resistant to electric shocks. (rElec)
You can survive without breathing.
You are immune to petrification.
You are immune to rotting.


Message History

Your chain mail prevents you from hitting something.
You completely miss something.
Your skin stops crawling.
You feel less resistant to hostile enchantments.
Something hits you.
* * * LOW HITPOINT WARNING * * *
You miss something.
You are no longer berserk.
You are exhausted.
You feel yourself slow down. Something hits you.
* * * LOW HITPOINT WARNING * * *
You closely miss something.
You hear some strange, mumbled words.
Something tries to affect you, but you resist.
You closely miss something. Something hits you.
* * * LOW HITPOINT WARNING * * *
You hear some strange, mumbled words.
A puff of flame appears from out of thin air!
The puff of flame hits you.
You die...

..# #..[...# ..#
#......# ..# ......#
..# ..... ..# ... ..#
#.# ..##### #.# ......#
#{# ......# ##@#
..####### #..#
#.......# #.##
#.......##### #.#
........(...###.####
#...............)..#
#............[.))#....#
................:######
#................#


There were no monsters in sight!

Vanquished Creatures
  An orc wizard (D:3)
  2 adders (D:3)
  A worm (D:2)
  2 dart slugs (D:3)
  2 leopard geckos
  7 orcs
  2 giant cockroaches
  6 goblins
  7 hobgoblins
  5 bats
  6 frilled lizards
  8 kobolds
  6 rats
55 creatures vanquished.

Notes
Turn   | Place    | Note
-------+----------+-------------------------------------------
     0 | D:1      | Fang the Gargoyle Berserker began the quest for the Orb.
     0 | D:1      | Reached XP level 1. HP: 14/14 MP: 1/1
   191 | D:1      | Reached XP level 2. HP: 6/19 MP: 2/2
   730 | D:2      | Reached XP level 3. HP: 13/24 MP: 3/3
   775 | D:2      | Reached ** piety under Trog
  1159 | D:2      | Found a faded altar of an unknown god.
  1554 | D:3      | Reached XP level 4. HP: 22/29 MP: 4/4
  1622 | D:3      | Reached skill level 4 in Fighting
  1662 | D:3      | Found a bloodstained altar of Trog.
  1666 | D:3      | Found a snail-covered altar of Cheibriados.
  1668 | D:3      | Found a shattered altar of Ashenzari.
  1670 | D:3      | Found a glowing golden altar of the Shining One.
  1678 | D:3      | Found an ornate altar of the Wu Jian Council.
  1679 | D:3      | Found a glowing silver altar of Zin.
  2111 | D:3      | Noticed Sigmund
  2140 | D:3      | HP: 1/29 [something (5)]
  2142 | D:3      | Killed from afar by Sigmund

Levels and vault maps discovered:
D:1:      dpeg_arrival_lava_temple_mockup, layout_basic
D:2:      layout_loops_ring, chequers_ecumenical_altar_grove,
          minmay_crystal_room
D:3:      layout_rooms, minitemple, uniq_sigmund

Skill      XL: |  1  2  3  4 |
---------------+-------------+-----
Axes           | 3 |  3.5
Dodging        | 2 |  2.2
Fighting       | 4 |  4.2
Armour         | 3 |  3.0

Action                   |  1- 3 |  4- 6 || total
-------------------------+-------+-------++-------
Melee: Hand axe          |   107 |       ||   107
       Broad axe         |     5 |    55 ||    60
Invok: Berserk           |     1 |     2 ||     3
       Trog's Hand       |       |     1 ||     1
  Eat: Chunk             |     2 |     4 ||     6
Armor: Animal skin       |    37 |    18 ||    55
       Chain mail        |       |     3 ||     3
Dodge: Dodged            |    94 |    33 ||   127
